 Dungeon Crawl Stone Soup version 0.17-a0-1753-g75d4604 (webtiles) character file.

137 kae the Insei (level 5, -9/40 HPs)
             Began as a Draconian Transmuter on Sept 2, 2015.
             Mangled by kae's ghost (13 damage)
             ... on level 3 of the Dungeon.
             The game lasted 00:04:55 (2196 turns).

kae the Insei (Draconian Transmuter)                Turns: 2196, Time: 00:04:55

Health: -9/40      AC:  6    Str: 12    XL:     5   Next: 0%
Magic:  8/8        EV: 12    Int: 14    God:
Gold:   147        SH:  0    Dex: 12    Spells: 3 memorised, 2 levels left

rFire  . . .     SeeInvis .       - Unarmed
rCold  . . .     Clarity  .     (armour unavailable)
rNeg   . . .     SustAt   .     (no shield)
rPois  .         Gourm    .     (helmet restricted)
rElec  .         Spirit   .     k - +0 cloak
rCorr  .         Warding  .     (no gloves)
rMut   .         Stasis   .     (no boots)
MR     .....                    j - amulet of rage
Stlth  +.........               (no ring)
                                (no ring)

@: not resistant to hostile enchantments, very unstealthy
A: unfitting armour, cold-blooded, AC +5
a: Evoke Berserk Rage


You were on level 3 of the Dungeon.
You were not hungry.

You visited 1 branch of the dungeon, and saw 3 of its levels.

You collected 147 gold pieces.

Inventory:

Missiles
 a - 64 arrows
Armour
 k - a +0 cloak (worn)
Jewellery
 j - an amulet of rage (around neck)
Magical devices
 m - a wand of polymorph (4)
Scrolls
 f - a scroll of remove curse
Potions
 d - a potion of might
 e - 2 potions of invisibility {unknown}
 h - 2 potions of flight
 l - a potion of resistance
 n - a potion of mutation
 o - 3 potions of curing
 r - a potion of magic
Books
 b - a book of Changes

   Spells                             Type                      Level
   a - Beastly Appendage              Transmutation                1
   b - Sticks to Snakes               Transmutation                2
   c - Spider Form                    Transmutation/Poison         3
   d - Ice Form                       Ice/Transmutation            4
   e - Blade Hands                    Transmutation                5
Comestibles
 c - 3 bread rations
 g - 2 chunks of flesh


   Skills:
 - Level 1.1 Fighting
 - Level 1.7 Dodging
 + Level 5.7 Unarmed Combat
 - Level 2.0 Spellcasting
 - Level 2.0 Transmutations


You had 2 spell levels left.
You knew the following spells:

 Your Spells              Type           Power        Failure   Level  Hunger
a - Beastly Appendage     Trmt           #.....       12%         1    ##.....
b - Sticks to Snakes      Trmt           #.........   17%         2    ###....
c - Spider Form           Trmt/Pois      #.........   47%         3    ####...


Dungeon Overview and Level Annotations

Branches:
Dungeon (3/15)

Altars:

Annotations:
D:3 kae's ghost, average HuMo


Innate Abilities, Weirdness & Mutations

Your plain brown scales are hard (AC +5).
Your body does not fit into most forms of armour.
You are cold-blooded and may be slowed by cold attacks.


Message History

The giant gecko bites you.
You closely miss the giant gecko.
Kae's ghost whispers, "Death is liberation."
Kae's ghost hits you but does no damage.
The giant gecko closely misses you.
You hit the giant gecko.
The giant gecko is lightly wounded.
Kae's ghost hits you.
The giant gecko bites you but does no damage.
You closely miss the giant gecko.
The giant gecko is lightly wounded.
Kae's ghost hits you! The giant gecko barely misses you.
You closely miss the giant gecko.
The giant gecko is lightly wounded.
The giant gecko barely misses you. Kae's ghost hits you!
* * * LOW HITPOINT WARNING * * *
You hit the giant gecko.
The giant gecko is almost dead.
The giant gecko barely misses you. Kae's ghost hits you!
You die...

.##†####.....##.##
..........##.##.#
.##.#.....##.##.#
.#.........#.##.#
............>...#
.#.#...#.....####
##.#...#..#..#
##.#.#.#..#..######
##.#...........l@.#
#.........#.#(###W#
#.........#...###.#
#.........##...##.#
############...##.#
######## ##..##.#
.......# #...#.#
.......# #.#.#.#
.......# #.#.#.#


You could see kae's ghost and a giant gecko.

Vanquished Creatures
  Ijyb (D:2)
  2 adders (D:2)
  3 oozes
  2 worms (D:2)
  3 giant geckos
  An orc (D:3)
  7 bats
  11 goblins
  8 hobgoblins
  18 jackals
  4 kobolds (D:1)
  A giant cockroach (D:2)
  A giant newt (D:2)
  A quokka (D:3)
  3 rats
66 creatures vanquished.

Notes
Turn   | Place    | Note
--------------------------------------------------------------
     0 | D:1      | kae the Draconian Transmuter began the quest for the Orb.
     0 | D:1      | Reached XP level 1. HP: 16/16 MP: 3/3
   225 | D:1      | Reached XP level 2. HP: 15/23 MP: 3/5
   311 | D:1      | Reached skill level 4 in Unarmed Combat
   415 | D:1      | Reached XP level 3. HP: 6/28 MP: 6/6
  1443 | D:2      | Reached XP level 4. HP: 30/35 MP: 7/7
  1501 | D:2      | Reached skill level 5 in Unarmed Combat
  1593 | D:2      | Noticed Ijyb
  1609 | D:2      | Killed Ijyb
  1865 | D:3      | Found a faded altar to an unknown god.
  2087 | D:3      | Reached XP level 5. HP: 34/40 MP: 8/8
  2148 | D:3      | Noticed kae's ghost (average HuMo)
  2186 | D:3      | Learned a level 2 spell: Sticks to Snakes
  2190 | D:3      | Learned a level 3 spell: Spider Form
  2196 | D:3      | Mangled by kae's ghost

Vault maps used:
D:1:      noname_arrival_rooms_in_the_neighbourhood
D:2:      first_bread, minmay_tree_intersection, uniq_iyjb
D:3:      ecumenical_altar_1, st_stairs_10, kennysheep_generic_room_10

Action                   |  1- 3 |  4- 6 || total
-------------------------+-------+-------++-------
Melee: Unarmed           |   175 |    91 ||   266
 Cast: Beastly Appendage |    13 |     4 ||    17
  Use: Scroll            |       |    10 ||    10
  Eat: Chunk             |     2 |     3 ||     5
